 Dungeon Crawl Stone Soup version 0.31-a0-237-g2d982f9f85 (webtiles) character file.

Game seed: 17534068631569876614

147 innerfire43 the Chopper (level 5, -8/41 HPs)
             Began as a Demonspawn Monk on July 11, 2023.
             Was a Believer of Trog.
             Mangled by an ogre
             ... wielding a +0 giant club
              (25 damage)
             ... on level 4 of the Dungeon.
             The game lasted 00:03:16 (2164 turns).

innerfire43 the Chopper (Demonspawn Monk)           Turns: 2164, Time: 00:03:17

Health: -8/41      AC:  7    Str: 13    XL:     5   Next: 7%
Magic:  0/5        EV:  5    Int: 11    God:    Trog [**....]
Gold:   135        SH: 18    Dex: 19    Spells: 4/4 levels left

rFire   . . .        f - +8 whip of Havoc {heavy, Dex+3 SInv}
rCold   . . .        g - +0 tower shield
rNeg    . . .        q - +0 scale mail
rPois   .            u - +0 helmet
rElec   .            (no cloak)
rCorr   .            (no gloves)
SInv    +            (no boots)
Will    .....        s - amulet of reflection Stlth
                     j - ring of see invisible
HPRegen 0.26/turn    (no ring)
MPRegen 0.18/turn

%: reflection, guardian spirit
@: no status effects
A: magic shield, magic regeneration, demonic magic 1
a: Renounce Religion, Berserk, Trog's Hand


You were on level 4 of the Dungeon.
You worshipped Trog.
Trog was pleased with you.
You visited 1 branch of the dungeon, and saw 4 of its levels.

You collected 135 gold pieces.

Inventory:

Hand Weapons
 a - a +0 hand axe
 f - the +8 whip of Havoc (weapon) {heavy, Dex+3 SInv}
   (You found it on level 3 of the Dungeon)

   Dex:       It affects your dexterity (+3).
   SInv:      It lets you see invisible.
Armour
 b - a +0 robe
 d - an orb of light
 g - a +0 tower shield (worn)
 q - a +0 scale mail (worn)
 u - a +0 helmet (worn)
Jewellery
 j - a ring of see invisible (left hand)
 l - an amulet of the acrobat
 s - an amulet of reflection (around neck)
Wands
 v - a wand of iceblast (8)
Scrolls
 e - 3 scrolls of amnesia
 h - a scroll of immolation
 k - 4 scrolls of identify
 r - a scroll of blinking
 x - a scroll of teleportation {unknown}
 y - a scroll of fog {unknown}
Potions
 i - 2 potions of haste {unknown}
 m - a potion of invisibility {unknown}
 n - a potion of lignification {unknown}
 o - 2 potions of heal wounds {unknown}
 p - a potion of attraction {unknown}
 t - 2 potions of berserk rage {unknown}
 w - a potion of brilliance {unknown}


   Skills:
 - Level 3.3 Fighting
 - Level 3.6(3.7) Axes
 * Level 0.7(2.3) Maces & Flails
 * Level 1.2 Armour
 - Level 3.0 Dodging
 * Level 2.1 Shields


You had 4 spell levels left.
You didn't know any spells.
Your spell library was empty.

Dungeon Overview and Level Annotations

Branches:
Dungeon (4/15)
 Temple: D:4-7

Altars:
Ashenzari
Makhleb
Okawaru
Trog
Xom
Yredelemnul


Innate Abilities, Weirdness & Mutations

When hurt, damage is shared between your health and your magic reserves.
You regenerate magic rapidly.
Spells you cast may paralyse adjacent enemies.


Message History

There is a shimmering altar of Xom here.
There is an open door here.
There is a stone staircase leading up here.
There is a stone staircase leading down here.
You climb downwards.
There is a stone staircase leading up here.
A worm comes into view.
Found 14 gold pieces.
A worm is nearby!
You completely miss the worm. You block the worm's attack. x2
A worm is nearby!
You whack the worm!
The worm is almost dead.
You block the worm's attack.
A worm is nearby!
You whack the worm!
You kill the worm!
Trog accepts your kill.
No target in view!
You now have 135 gold pieces (gained 14).
An ogre comes into view. It is wielding a +0 giant club.
The ogre shouts!
The ogre hits you with a +0 giant club!!
An ogre is nearby!
You hit the ogre.
The ogre is lightly wounded.
You block the ogre's attack.
An ogre is nearby!
You closely miss the ogre.
The ogre is lightly wounded.
You block the ogre's attack. The ogre hits you with a +0 giant club!
* * * LOW HITPOINT WARNING * * *
You are too injured to fight recklessly!
It was a potion of curing.
You feel better.
You whack the ogre!
The ogre is heavily wounded.
You block the ogre's attack.
The ogre hits you with a +0 giant club!!
Ouch! That really hurt!
You die...

#.#
#.#
#.#
#.#
#.#
#.#
#.#
####.#
#.O@.#
#.####
#


You could see an ogre.

Vanquished Creatures
  A hound (D:3)
  Ijyb (D:3)
  Terence (D:2)
  An adder (D:3)
  A worm (D:4)
  3 dart slugs
  2 endoplasms
  A giant cockroach (D:1)
  5 goblins
  3 hobgoblins (D:1)
  8 kobolds
  4 quokkas
  6 ball pythons
  5 bats
  5 frilled lizards
  5 rats
52 creatures vanquished.

Notes
Turn   | Place    | Note
-------+----------+-------------------------------------------
     0 | D:1      | innerfire43 the Demonspawn Monk began the quest for the
                  | Orb.
     0 | D:1      | Reached XP level 1. HP: 18/18 MP: 1/1
   203 | D:1      | Gained mutation: Spells you cast may paralyse adjacent
                  | enemies. [demonic ancestry]
   203 | D:1      | Reached XP level 2. HP: 24/24 MP: 2/2
   474 | D:1      | Reached XP level 3. HP: 15/29 MP: 3/3
   743 | D:2      | Reached skill level 1 in Shields
   762 | D:2      | Noticed Terence
   779 | D:2      | HP: 1/29 [Terence/+0 heavy falchion (10)]
   785 | D:2      | Killed Terence
  1253 | D:2      | Gained mutation: You regenerate magic rapidly. [demonic
                  | ancestry]
  1253 | D:2      | Reached XP level 4. HP: 35/35 MP: 4/4
  1490 | D:3      | Found an iron altar of Okawaru.
  1591 | D:3      | Found a shimmering altar of Xom.
  1683 | D:3      | Identified the +8 whip of Havoc {heavy, Dex+3 SInv}
  1752 | D:3      | Found a faded altar of an unknown god.
  1766 | D:3      | Noticed Ijyb
  1772 | D:3      | Killed Ijyb
  1773 | D:3      | Reached skill level 1 in Armour
  1779 | D:3      | Gained mutation: When hurt, damage is shared between your
                  | health and your magic reserves. [demonic ancestry]
  1779 | D:3      | Reached XP level 5. HP: 41/41 MP: 5/5
  1797 | D:3      | Prayed at the altar of an unknown god.
  1797 | D:3      | Became a worshipper of Trog the Wrathful
  1797 | D:3      | Reached * piety under Trog
  1797 | D:3      | Reached ** piety under Trog
  2035 | D:3      | Found a basalt altar of Yredelemnul.
  2035 | D:3      | Found a burning altar of Makhleb.
  2037 | D:3      | Found a broken altar of Ashenzari.
  2037 | D:3      | Found a burning altar of Makhleb.
  2037 | D:3      | Found a shimmering altar of Xom.
  2159 | D:4      | Noticed an ogre
  2164 | D:4      | Mangled by an ogre

Illustrated notes

Levels and vault maps discovered:
D:1:      shiori_arrival_maze, layout_rooms, minmay_misc_feat_diagonals,
          minmay_crystal_room
D:2:      layout_rooms, fountainhead, solitary_fountain, uniq_terence
D:3:      layout_loops_ring, doesnt_xom_only_xom, okawaru_metal_pillars_1_2,
          basic_ecumenical_altar, uniq_ijyb
D:4:      layout_loops_ring, mainiacjoe_overflow_small_starburst,
          lemuel_mausoleum_altar_yredelemnul, ebering_ghost_sewer_f

Skill      XL: |  1  2  3  4 |
---------------+-------------+-----
Axes           | 3 |  3.6
Shields        | 1 2 |  2.1
Dodging        | 3 |  3.0
Armour         | 1 |  1.2
Fighting       | |  3.3
Maces & Flails | |  0.7

Action                     |  1- 3 |  4- 6 || total
---------------------------+-------+-------++-------
  Melee: Hand axe          |   100 |    38 ||   138
         Whip              |       |    16 ||    16
    Use: Potion            |     1 |     1 ||     2
         Scroll            |       |     4 ||     4
   Stab: Sleeping          |     4 |       ||     4
 Armour: Robe              |    14 |       ||    14
         Scale mail        |       |    31 ||    31
  Dodge: Dodged            |    44 |    13 ||    57
  Block: Tower shield      |    63 |    65 ||   128

Table legend: (Time is in decaauts)
 A = Elapsed time spent in this place.
 B = Non-inter-level travel time spent in this place.
 C = Inter-level travel time spent in this place.
 D = Time resting spent in this place.
 E = Time spent auto-exploring this place.
 F = Levels seen in this place.
 G = Mean time per level.
                   A        B        C        D        E       F      G
               +--------+--------+--------+--------+--------+-----+--------+
         Total |   2258 |   2095 |    163 |      0 |   1585 |   4 |  564.5 |
       Dungeon |   2258 |   2095 |    163 |      0 |   1585 |   4 |  564.5 |
               +--------+--------+--------+--------+--------+-----+--------+

Top non-repeatable levels by time:
     D:3: 797 daAuts
     D:1: 775 daAuts
     D:2: 614 daAuts
     D:4: 71 daAuts
